 Dungeon Crawl Stone Soup version 0.29-a0-275-g389c0b56f3 (webtiles) character file.

Game seed: 10494523988684539062

15617 Pinguinius the Destroyer (level 12, -1/92 HPs)
             Began as a Grey Draconian Conjurer on Mar 12, 2022.
             Was an Elder of Makhleb.
             Slain by a two-headed ogre
             ... wielding a +0 giant spiked club
              (17 damage)
             ... on level 2 of the Orcish Mines.
             The game lasted 04:07:00 (10100 turns).

Pinguinius the Destroyer (Grey Draconian Conjurer) Turns: 10100, Time: 04:07:00

Health: -1/92      AC: 19    Str: 11    XL:     12   Next: 2%
Magic:  11/25      EV: 14    Int: 23    God:    Makhleb [****..]
Gold:   1132       SH:  0    Dex:  9    Spells: 10/29 levels left

rFire   . . .      SeeInvis +   o - +2 quarterstaff (chaos)
rCold   . . .      Faith    .   (shield currently unavailable)
rNeg    . . .      Spirit   .   (body armour unavailable)
rPois   .          Reflect  .   (helmet restricted)
rElec   .          Harm     .   E - +0 cloak
rCorr   .          Rampage  .   (no gloves)
Will    .....                   b - +0 pair of boots
Stlth   ++........              s - amulet of magic regeneration
HPRegen 0.25/turn               h - ring of see invisible
MPRegen 0.59/turn               q - +4 ring of protection

@: no status effects
A: AC +13, amphibious, unfitting armour, cold-blooded
a: Renounce Religion, Minor Destruction, Lesser Servant of Makhleb, Major
Destruction


You were on level 2 of the Orcish Mines.
You worshipped Makhleb.
Makhleb was greatly pleased with you.
You visited 4 branches of the dungeon, and saw 14 of its levels.

You collected 1132 gold pieces.

Inventory:

Hand Weapons
 c - a +2 spectral dagger
 l - a +2 falchion of holy wrath
 o - a +2 quarterstaff of chaos (weapon)
 r - a +5 dagger
 x - a +1 flail of protection
Armour
 b - a +0 pair of boots (worn)
 E - a +0 cloak (worn)
 I - a +0 troll leather armour
 J - a +1 robe of the Archmagi
Magical Staves
 e - a staff of air
Jewellery
 h - a ring of see invisible (left hand)
 q - a +4 ring of protection (right hand)
 s - an amulet of magic regeneration (around neck)
 y - a ring of protection from fire
 z - a ring of resist corrosion
 D - an amulet of regeneration
Wands
 g - a wand of iceblast (33)
 w - a wand of flame (40)
Scrolls
 i - 2 scrolls of immolation
 j - 6 scrolls of teleportation
 k - 2 scrolls of summoning
 n - a scroll of noise
 p - a scroll of blinking
 u - a scroll of magic mapping
 F - a scroll of torment
 G - 4 scrolls of fog {unknown}
 K - 3 scrolls of identify
Potions
 a - 2 potions of magic
 d - 2 potions of berserk rage
 f - 2 potions of attraction
 m - 2 potions of might
 t - 2 potions of curing
 v - 4 potions of degeneration
 A - 3 potions of brilliance
 B - a potion of invisibility
 C - 2 potions of heal wounds {unknown}
 H - a potion of mutation {unknown}


   Skills:
 + Level 4.6 Fighting
 + Level 4.2 Staves
 + Level 7.8 Dodging
 - Level 3.0 Stealth
 + Level 9.0 Spellcasting
 * Level 13.1 Conjurations
 + Level 2.0 Hexes
 + Level 1.1 Translocations
 + Level 4.3 Invocations
 + Level 1.2 Evocations


You had 10 spell levels left.
You knew the following spells:

 Your Spells              Type           Power      Damage    Failure   Level
a - Magic Dart            Conj           100%       1d8       1%          1
b - Searing Ray           Conj           100%       2d8       1%          2
c - Dazzling Flash        Conj/Hex       90%        N/A       1%          3
d - Iskenderun's Mystic   Conj/Tloc      43%        2d10      3%          4
e - Fulminant Prism       Conj/Hex       22%        3d13      2%          4
f - Irradiate             Conj/Tmut      20%        3d20      12%         5

Your spell library contained the following spells:

 Spells                   Type           Power      Damage    Failure   Level
 Apportation              Tloc           30%        N/A       4%          1
 Animate Skeleton         Necr           20%        N/A       6%          1
 Pain                     Necr           40%        1d6       6%          1
 Summon Small Mammal      Summ           40%        N/A       6%          1
 Gell's Gravitas          Tloc           15%        N/A       12%         3
 Lesser Beckoning         Tloc           15%        N/A       12%         3
 Summon Guardian Golem    Hex/Summ       15%        N/A       12%         3
 Teleport Other           Tloc           15%        N/A       12%         3
 Fireball                 Conj/Fire      20%        3d10      12%         5
 Call Canine Familiar     Summ           10%        N/A       19%         3
 Ozocubu's Armour         Ice            10%        N/A       19%         3
 Vampiric Draining        Necr           10%        2d6       19%         3
 Starburst                Conj/Fire      20%        6d7       54%         6
 Silence                  Hex/Air        7%         N/A       75%         5
 Agony                    Necr           10%        N/A       86%         5
 Alistair's Intoxication  Tmut/Pois      6%         N/A       86%         5
 Blade Hands              Tmut           5%         N/A       86%         5
 Excruciating Wounds      Necr           5%         N/A       86%         5
 Dragon Form              Tmut           5%         N/A       100%        7
 Ozocubu's Refrigeration  Ice            5%         4d6       100%        7
 Ignition                 Fire           5%         3d4       100%        8
 Chain Lightning          Conj/Air       20%        3d26      100%        9
 Fire Storm               Conj/Fire      20%        8d5       100%        9
 Shatter                  Erth           5%         3d8*      100%        9


Dungeon Overview and Level Annotations

Branches:
Dungeon (10/15)            Temple (1/1) D:4            Lair (1/6) D:9
    Orc (2/2) D:10            Elf (0/3) Orc:2

Altars:
Ashenzari
Cheibriados
Dithmenos
Elyvilon
Fedhas
Gozag
Hepliaklqana
Kikubaaqudgha
Makhleb
Nemelex Xobeh
Okawaru
Qazlal
Ru
Sif Muna
Trog
Uskayaw
Vehumet
Wu Jian
Xom
Yredelemnul
Zin
The Shining One
Beogh

Shops:
D:4 (   Orc:2 (

Annotations:
D:8 3 runed translucent doors, Dabor's ghost, novice FoAK


Innate Abilities, Weirdness & Mutations

Your dull iron-grey scales are very hard. (AC +13)
You are amphibious.
You cannot fit into any form of body armour.
You are cold-blooded and may be slowed by cold attacks.


Message History

You feel stronger.
Your scales feel tougher.
The searing ray misses the two-headed ogre.
The searing ray hits the two-headed ogre!
The two-headed ogre is lightly wounded.
The two-headed ogre hits your hellwing with a +0 giant club.
The two-headed ogre hits your hellwing with a +0 giant spiked club!
Your hellwing hits the two-headed ogre.
Your hellwing barely misses the two-headed ogre.
Your fulminant prism explodes!
The blast of energy engulfs the orc!
You kill the orc!
Makhleb accepts your kill.
The blast of energy engulfs the two-headed ogre!!
The two-headed ogre is severely wounded.
The blast of energy engulfs the two-headed ogre!
The two-headed ogre is moderately wounded.
You hear a shout! x15
The searing ray hits the two-headed ogre!
The two-headed ogre is heavily wounded.
The searing ray hits the two-headed ogre!
The two-headed ogre is severely wounded.
The two-headed ogre hits you with a +0 giant club.
The two-headed ogre hits you with a +0 giant club!!
The two-headed ogre barely misses your hellwing. x2
Your hellwing hits the two-headed ogre! x2
The searing ray hits the two-headed ogre.
The two-headed ogre is heavily wounded.
The searing ray hits the two-headed ogre but does no damage.
The two-headed ogre is lightly wounded.
The searing ray hits the two-headed ogre.
The two-headed ogre is almost dead.
You finish channelling your searing ray.
The two-headed ogre hits your hellwing with a +0 giant club!!
Your hellwing dies!
Your hellwing disappears in a puff of smoke!
The two-headed ogre attacks as you move away!
The two-headed ogre hits you with a +0 giant spiked club!!
* * * LOW HITPOINT WARNING * * *
The two-headed ogre hits you with a +0 giant club!
You die...

## ####†...... ##.##
###.#......#.
###...####.#...###..#
##.##...##.......#
.... .
#.....$.........##
....
..#..$...........##
....
............#......#
...
.......O....##........
.#
....oO)O@..###.......$
......§....# ##.#.....
.....O#....# #####...
............# #.#
............#
.........#.##
......#...##
####.###.#


You could see 4 two-headed ogres and an orc.

Vanquished Creatures
  2 two-headed ogres
  A tengu warrior (D:10)
  An orc high priest (Orc:2)
  Pikel (D:9)
  An ugly thing (D:10)
  A manticore (D:7)
  A kobold demonologist (D:9)
  A komodo dragon (D:10)
  4 trolls
  Sigmund (D:2)
  3 wyverns (D:9)
  A vampire (D:10)
  9 yaks
  A steam dragon (D:8)
  A basilisk (D:9)
  A vampire mosquito (D:7)
  3 wargs (Orc:2)
  2 acid dragons
  Edmund (D:6)
  3 water moccasins (D:9)
  2 black bears
  11 orc warriors
  A sky beast (D:7)
  2 ice beasts
  4 ogres
  3 centaurs
  A kobold brigand (D:9)
  5 bullfrogs
  Blork the orc (D:6)
  A necrophage (D:6)
  A scorpion (D:4)
  4 wights
  7 killer bees
  7 howler monkeys
  12 orc priests
  Crazy Yiuf (D:3)
  5 hounds
  3 jellies
  Jessica (D:3)
  22 orc wizards
  3 iguanas
  10 adders
  2 shadow imps
  3 white imps
  An ufetubus (D:4)
  2 worms
  9 dart slugs
  50 orcs
  6 bats
  5 endoplasms
  2 giant cockroaches
  6 hobgoblins
  3 jackals (D:4)
  16 kobolds
  3 quokkas
  6 ball pythons
  6 frilled lizards
  6 goblins
  4 rats
  5 fulminant prisms
281 creatures vanquished.

Vanquished Creatures (collateral kills)
  An ogre mage (Orc:2)
  A boulder beetle (D:10)
  A cyclops (D:10)
  A gargoyle (D:10)
  A vampire mosquito (D:10)
  A warg (Orc:2)
  3 orc warriors
  An orc priest (Orc:2)
  An orc wizard (Orc:2)
11 creatures vanquished.

Vanquished Creatures (others)
  A bush (D:9)
  15 fulminant prisms
  2 fungi (D:9)
  12 plants (D:9)
30 creatures vanquished.

Grand Total: 322 creatures vanquished

Notes
Turn   | Place    | Note
-------+----------+-------------------------------------------
     0 | D:1      | Pinguinius the Draconian Conjurer began the quest for the
                  | Orb.
     0 | D:1      | Reached XP level 1. HP: 14/14 MP: 3/3
   130 | D:1      | Reached XP level 2. HP: 19/22 MP: 0/5
   494 | D:1      | Learned a level 2 spell: Searing Ray
   878 | D:2      | Reached XP level 3. HP: 27/27 MP: 1/6
  1081 | D:2      | Reached XP level 4. HP: 32/34 MP: 1/7
  1186 | D:2      | Noticed Sigmund
  1240 | D:2      | Killed Sigmund
  1241 | D:2      | Reached skill level 1 in Fighting
  1241 | D:2      | Reached skill level 1 in Staves
  1241 | D:2      | Reached skill level 5 in Conjurations
  1241 | D:2      | Reached XP level 5. HP: 36/40 MP: 0/9
  1602 | D:3      | Reached XP level 6. HP: 36/47 MP: 2/10
  1776 | D:3      | Noticed Jessica
  1781 | D:3      | Killed Jessica
  1820 | D:3      | Found a runed translucent door.
  1821 | D:3      | Noticed Crazy Yiuf
  1830 | D:3      | Killed Crazy Yiuf
  2460 | D:4      | Reached skill level 6 in Conjurations
  2525 | D:4      | Found a staircase to the Ecumenical Temple.
  2656 | D:4      | Found Kietaar's Weapon Shoppe.
  2835 | D:4      | Noticed an ice beast
  2865 | D:4      | Your scales start taking on a dull iron-grey colour.
  2865 | D:4      | Reached XP level 7. HP: 32/53 MP: 12/12
  3254 | Temple   | Entered the Ecumenical Temple
  3337 | Temple   | Became a worshipper of Makhleb the Destroyer
  3375 | D:5      | Entered Level 5 of the Dungeon
  3381 | D:5      | Found a snail-covered altar of Cheibriados.
  3470 | D:5      | Learned a level 3 spell: Dazzling Flash
  4289 | D:6      | Reached skill level 7 in Conjurations
  4291 | D:6      | Reached XP level 8. HP: 62/62 MP: 7/14
  4294 | D:6      | Noticed Edmund
  4310 | D:6      | Killed Edmund
  4426 | D:6      | Noticed Blork the orc
  4439 | D:6      | Killed Blork the orc
  4532 | D:6      | Identified a scroll of acquirement
  5132 | D:7      | Reached skill level 8 in Conjurations
  5166 | D:7      | Reached * piety under Makhleb
  5167 | D:7      | Reached skill level 5 in Spellcasting
  5316 | D:7      | Noticed a manticore
  5316 | D:7      | Noticed a two-headed ogre
  5328 | D:7      | Killed a two-headed ogre
  5329 | D:7      | Reached skill level 5 in Dodging
  5329 | D:7      | Reached XP level 9. HP: 50/69 MP: 7/17
  5336 | D:7      | Reached skill level 9 in Conjurations
  5590 | D:7      | Killed a manticore
  5780 | D:7      | Acquired a book of Annihilations
  5789 | D:7      | Learned a level 4 spell: Iskenderun's Mystic Blast
  6402 | D:8      | Reached skill level 1 in Hexes
  6517 | D:8      | Reached skill level 10 in Conjurations
  6517 | D:8      | Reached XP level 10. HP: 54/77 MP: 14/19
  6742 | D:8      | Found a runed translucent gate.
  6742 | D:8      | Found a runed translucent gate.
  6743 | D:8      | Found a runed translucent gate.
  6746 | D:8      | Noticed Dabor's ghost (novice FoAK)
  6929 | D:9      | Reached ** piety under Makhleb
  7266 | D:9      | Noticed Pikel
  7495 | D:9      | Killed Pikel
  7496 | D:9      | Reached skill level 11 in Conjurations
  7496 | D:9      | Reached skill level 1 in Translocations
  7503 | D:9      | Found a staircase to the Lair.
  7618 | D:9      | Noticed a sun demon
  7620 | D:9      | Noticed a rust devil
  7665 | D:9      | Reached skill level 1 in Evocations
  7673 | D:9      | Reached skill level 1 in Invocations
  8049 | D:9      | Learned a level 4 spell: Fulminant Prism
  8052 | Lair:1   | Entered Level 1 of the Lair of Beasts
  8052 | Lair:1   | Noticed a six-headed hydra
  8076 | D:10     | Entered Level 10 of the Dungeon
  8085 | D:10     | Found an opulent altar of Gozag.
  8087 | D:10     | Found a stormy altar of Qazlal.
  8088 | D:10     | Found a white marble altar of Elyvilon.
  8094 | D:10     | Found an ancient bone altar of Kikubaaqudgha.
  8106 | D:10     | Found a shimmering blue altar of Sif Muna.
  8109 | D:10     | Found a sparkling altar of Nemelex Xobeh.
  8111 | D:10     | Found a broken altar of Ashenzari.
  8113 | D:10     | Found a shadowy altar of Dithmenos.
  8258 | D:10     | Reached XP level 11. HP: 34/84 MP: 13/22
  8432 | D:10     | Found a staircase to the Orcish Mines.
  8496 | D:10     | Reached *** piety under Makhleb
  8559 | D:10     | Noticed a cyan ugly thing
  8564 | D:10     | Noticed a boulder beetle
  8790 | D:10     | Noticed a tengu warrior
  8805 | D:10     | Killed a cyan ugly thing
  8826 | D:10     | Killed a tengu warrior
  9277 | D:10     | Killed a boulder beetle
  9278 | D:10     | Reached skill level 12 in Conjurations
  9494 | Orc:1    | Entered Level 1 of the Orcish Mines
  9553 | Orc:1    | Learned a level 5 spell: Irradiate
  9835 | Orc:2    | Entered Level 2 of the Orcish Mines
  9837 | Orc:2    | Found Laazxith's Weapon Emporium.
  9848 | Orc:2    | Noticed an orc high priest
  9858 | Orc:2    | Killed an orc high priest
 10044 | Orc:2    | Reached **** piety under Makhleb
 10045 | Orc:2    | Found a staircase to the Elven Halls.
 10084 | Orc:2    | Noticed an ogre mage
 10087 | Orc:2    | Noticed a two-headed ogre
 10091 | Orc:2    | Noticed a two-headed ogre
 10091 | Orc:2    | Noticed a two-headed ogre
 10092 | Orc:2    | Noticed a two-headed ogre
 10092 | Orc:2    | Killed an ogre mage
 10093 | Orc:2    | Reached skill level 13 in Conjurations
 10093 | Orc:2    | Noticed a two-headed ogre
 10096 | Orc:2    | Killed a two-headed ogre
 10097 | Orc:2    | Reached XP level 12. HP: 59/92 MP: 12/25
 10100 | Orc:2    | Slain by a two-headed ogre

Illustrated notes

Levels and vault maps discovered:
D:1:      dpeg_arrival_windows_large_door, layout_loops_ring, minmay_liquid_box,
          minmay_surrounded
D:2:      layout_rooms, uniq_sigmund
D:3:      layout_basic, uniq_jessica, uniq_crazy_yiuf_cottage
D:4:      layout_loops_ring, minmay_temple_entry_sparse_star, serial_shops,
          shop, minmay_joined_circles
D:5:      layout_loops_ring, mainiacjoe_overflow_concentric_impassable,
          lemuel_flamethrower_2
D:6:      layout_rooms, serial_corexii_hall, corexii_hall_statues_s,
          corexii_hall_statues_u, uniq_edmund, uniq_blork_the_orc
D:7:      minmay_blocky_corners, layout_basic, st_stairs_2
D:8:      layout_loops_corners, ebering_ghost_rock_garden
D:9:      layout_rooms, minmay_lair_entry_grove, kennysheep_generic_room_10,
          uniq_pikel
D:10:     layout_loops_ring, nicolae_overflow_hallway_of_the_gods, orc_0_dummy,
          minmay_fractal_squares_gapless_7
Temple:   cyrus_circular_temple
Lair:1:   layout_concentric_octagons, ebering_ghost_xom,
          portal_ice_cave_demonic_guard, nicolae_lair_lakeside_cave,
          grunt_megastairs_1
Orc:1:    layout_caves
Orc:2:    st_orc_pillars, layout_diamond_mine, basic_altar, serial_shops,
          nicolae_shop_trees

Skill      XL: |  1  2  3  4  5  6  7  8  9 10 11 |
---------------+----------------------------------+-----
Stealth        | 2 3 |  3.0
Dodging        | 2 3 5 6 7 |  7.8
Fighting       | 1 2 3 4 |  4.6
Staves         | 1 2 3 4 |  4.2
Conjurations   | 5 6 7 8 10 11 13 | 13.1
Spellcasting   | 3 4 5 6 7 9 |  9.0
Hexes          | 1 2 |  2.0
Translocations | 1 |  1.1
Evocations     | 1 |  1.2
Invocations    | 2 4 |  4.3

Action                   |  1- 3 |  4- 6 |  7- 9 | 10-12 || total
-------------------------+-------+-------+-------+-------++-------
Melee: Staff             |    45 |    10 |       |       ||    55
       Tailslap          |     3 |     2 |     1 |     1 ||     7
       Punch             |     1 |       |       |       ||     1
       Quarterstaff      |       |    14 |     7 |     9 ||    30
 Cast: Magic Dart        |    35 |    20 |     3 |    23 ||    81
       Searing Ray       |     9 |    32 |    71 |   107 ||   219
       Dazzling Flash    |       |       |     4 |     2 ||     6
       Iskenderun's Myst |       |       |     2 |    11 ||    13
       Fulminant Prism   |       |       |       |    20 ||    20
       Irradiate         |       |       |       |     2 ||     2
Invok: Minor Destruction |       |       |       |    19 ||    19
       Lesser Servant of |       |       |       |     6 ||     6
Evoke: Wand              |       |       |     1 |     6 ||     7
  Use: Scroll            |     2 |     2 |     9 |     4 ||    17
       Potion            |       |     6 |       |     3 ||     9
 Stab: Invisible         |       |       |     2 |       ||     2
       Paralysed         |       |       |     1 |       ||     1
Armor: Skin              |    21 |    26 |    95 |   106 ||   248
Dodge: Dodged            |    42 |    35 |    81 |   182 ||   340

Table legend: (Time is in decaauts)
 A = Elapsed time spent in this place.
 B = Non-inter-level travel time spent in this place.
 C = Inter-level travel time spent in this place.
 D = Time resting spent in this place.
 E = Time spent auto-exploring this place.
 F = Levels seen in this place.
 G = Mean time per level.
                   A        B        C        D        E       F      G
               +--------+--------+--------+--------+--------+-----+--------+
         Total |  10076 |   3950 |   6126 |    275 |   1134 |  14 |  719.7 |
       Dungeon |   9370 |   3685 |   5685 |    275 |   1134 |  10 |  937.0 |
        Temple |     98 |      2 |     96 |      0 |      0 |   1 |   98.0 |
          Lair |      1 |      1 |      0 |      0 |      0 |   1 |    1.0 |
  Orcish Mines |    605 |    260 |    345 |      0 |      0 |   2 |  302.5 |
               +--------+--------+--------+--------+--------+-----+--------+

Top non-repeatable levels by time:
     D:8: 1591 daAuts
    D:10: 1397 daAuts
     D:7: 1094 daAuts
     D:4: 1076 daAuts
     D:1: 856 daAuts
     D:5: 830 daAuts
     D:3: 807 daAuts
     D:9: 680 daAuts
     D:2: 528 daAuts
     D:6: 506 daAuts
   Orc:1: 340 daAuts
   Orc:2: 265 daAuts
  Temple: 98 daAuts
  Lair:1: 1 daAuts
